Cogmind - Beta 16.1 *** ADVENTURER MODE // 2026.03.05 @ 23:28:52 Player: Gder Result: Destroyed by 8E-C2A(R) with Subdweller Machine Gun Performance ------------- Evolutions (0) 0 Regions Visited (2) 400 Robots Destroyed (28) 140 Value Destroyed (416) 416 Prototype IDs (0) 0 Alien Tech Used (0) 0 Bonus (0) 0 TOTAL SCORE: 956 Bonus ------- None Cogmind --------- Core Integrity 0/250 Matter 155/300 Energy 91/100 System Corruption 0% Temperature Cool (0) Movement Rolling (95) Ox1 Location -10/Subcaves Parts ------- > --- POWER (1) -------- (None) > --- PROPULSION (2) --- Wheel Wheel > --- UTILITY (2) ------ Large Storage Unit > --- WEAPON (2) ------- Beam Rifle Light Assault Rifle > --- INVENTORY (15) --- Light Ion Engine Light Ion Engine Wheel Wheel Wheel Wheel Wheel Heat Sink High-capacity Matter Pod (200) High-capacity Matter Pod (174) Makeshift Laser Light Assault Rifle Light Assault Rifle Battle Cannon Grenade Launcher Peak State ------------ > --- POWER ------------ Improved Ion Engine > --- PROPULSION ------- Wheel Compact Wheel > --- UTILITY ---------- Large Storage Unit Terrain Scanner > --- WEAPON ----------- Medium Laser Light Assault Rifle > --- INVENTORY -------- Light Ion Engine Light Ion Engine Wheel Wheel Wheel Wheel Wheel Wheel Heat Sink High-capacity Matter Pod High-capacity Matter Pod Beam Rifle Light Assault Rifle Light Assault Rifle Grenade Launcher [Rating: 9] Favorites ----------- Power Light Ion Engine Engine Light Ion Engine Propulsion Compact Wheel Treads Light Treads Wheel Compact Wheel Utility Large Storage Unit Device Seismic Detector Storage Large Storage Unit Weapon Light Assault Rifle Energy Gun Medium Laser Ballistic Gun Light Assault Rifle Launcher Grenade Launcher Build | -11 -10 -10 ------- Run | Yrd Mat Sub Slots Evolved . | . . . Power . | . . . Propulsion . | . . . Utility . | . . . Weapon . | . . . Parts Attached 21 | 6 9 6 Power 4 | 1 2 1 Engine 4 | 1 2 1 Core . | . . . Reactor . | . . . Propulsion 7 | 2 3 2 Treads 1 | 1 . . Leg . | . . . Wheel 6 | 1 3 2 Hover . | . . . Flight . | . . . Utility 4 | 2 2 . Device 2 | 1 1 . Storage 2 | 1 1 . Processor . | . . . Hackware . | . . . Protection . | . . . Artifact . | . . . Weapon 6 | 1 2 3 Energy Gun 2 | . . 2 Energy Cannon . | . . . Ballistic Gun 3 | 1 2 . Ballistic Cannon . | . . . Launcher 1 | . . 1 Special Weapon . | . . . Impact Weapon . | . . . Slashing Weapon . | . . . Piercing Weapon . | . . . Special Melee Weapon . | . . . Unidentified Prototypes . | . . . Parts Lost 7 | . 3 4 Power 1 | . . 1 Propulsion 3 | . 1 2 Utility 2 | . 1 1 Weapon 1 | . 1 . Highest Loss Streak 3 | . 3 2 To Critical Strikes . | . . . Average Backups 11 | 3 10 14 Power 1 | . 1 2 Propulsion 5 | 2 5 5 Utility 1 | . . 3 Weapon 2 | . 2 3 Tool/Special . | . . . Unused Backups 14 | . 1 13 Power 2 | . . 2 Propulsion 5 | . 1 4 Utility 3 | . . 3 Weapon 4 | . . 4 Tool/Special . | . . . Average Slot Usage (%) 93 | . 90 98 Engine 13 | . 13 14 Treads 7 | . 11 . Wheel 20 | . 16 27 Device 12 | . 11 13 Storage 14 | . 14 14 Energy Gun 5 | . . 13 Ballistic Gun 18 | . 21 13 Peak Build Rating 9 | 6 8 9 Average Rating 7 | 4 6 8 On Entrance 4 | . 6 8 Avg Prop Armor Cover (%) 10 | 16 10 . Naked Turns . | . . . Heaviest Build 33 | 11 27 33 Greatest Support 26 | 16 26 26 Greatest Overweight (x) 3 | . 1 3 Average Overweight (x) . | . . 1 Largest Inventory Capacity 15 | 8 15 15 Average Capacity 13 | 7 12 15 Most Carried 15 | 6 15 15 Average Carried 11 | 3 10 14 Final Capacity 15 | 8 15 15 Final Carried 15 | 6 15 15 Class Distribution -------------------- 90% | Mutant 9% | Scavenger-Mutant Dominant Class ---------------- Mutant | -10/Materials Mutant | -10/Subcaves Resources | -11 -10 -10 ----------- Run | Yrd Mat Sub Matter Collected 1056 | 311 573 172 Remotely . | . . . Salvage Created 678 | 151 355 172 Parts 59 | 14 29 16 Haulers Intercepted . | . . . Recyclers Shooed 2 | . 2 . Parts Field Recycled . | . . . Retrieved Matter . | . . . Parts Self-Destructed 14 | . . 14 Prevented . | . . . Parts Restored . | . . . Kills | -11 -10 -10 ------- Run | Yrd Mat Sub Combat Hostiles Destroyed 18 | . 11 7 Guns 17 | . 11 6 AOE 1 | . . 1 Classes Destroyed 8 | 2 3 3 Tunneler 6 | 5 1 . Recycler 2 | 1 1 . Watcher 2 | . 2 . Swarmer 13 | . 9 4 Grunt 3 | . 2 1 Sentry 1 | . . 1 Artisan 1 | . . 1 Subdweller 1 | . . 1 Best Kill Streak 5 | 5 3 4 Combat Bots Only 4 | . 3 4 Max Kills in Single Turn 1 | 1 1 1 Gunslinging . | . . . Exploded 1 | . . 1 Melee . | . . . Uniques/NPCs Destroyed . | . . . Combat | -11 -10 -10 -------- Run | Yrd Mat Sub Hostile Shots Fired 131 | . 60 71 Missed 39 | . 15 24 Hits 92 | . 45 47 Projectile 92 | . 45 47 Critical Strikes 3 | . 2 1 Damage Taken 885 | . 358 527 Core 251 | . 57 194 Absorbed by Shields . | . . . Ignored by Resistances 239 | . 110 129 Core Remaining (%) 100 | 100 . . Volleys Fired 101 | 22 46 33 Largest 2 | 1 2 2 Hottest 76 | 20 40 76 Shots Fired 159 | 22 83 54 Gun 147 | 22 83 42 Cannon . | . . . Launcher 12 | . . 12 Special . | . . . Kinetic 126 | 22 83 21 Thermal 21 | . . 21 Explosive 12 | . . 12 Electromagnetic . | . . . Robot Hit Streak 23 | 12 22 23 Robot Miss Streak 2 | 1 2 2 Penetration Max . | . . . Secondary Targets 3 | . 1 2 Max Gunslinging Chain 1 | . 1 1 Shots Hit Robots 121 | 21 58 42 Core Hits 45 | 7 24 14 Critical Kills . | . . . Critical Parts Destroyed . | . . . Critical Strikes 2 | . . 2 Burn 2 | . . 2 Melee Attacks . | . . . Impact . | . . . Slashing . | . . . Piercing . | . . . Sneak Attacks . | . . . Combat Hostiles . | . . . Follow-up Attacks . | . . . Damage Inflicted 1566 | 268 570 728 Guns 1179 | 268 570 341 Cannons . | . . . Explosions 387 | . . 387 Melee . | . . . Ramming . | . . . Kinetic 968 | 268 570 130 Thermal 211 | . . 211 Explosive 387 | . . 387 Electromagnetic . | . . . Impact . | . . . Slashing . | . . . Piercing . | . . . Highest Corruption . | . . . Average Corruption . | . . . Corruption Purged . | . . . Corruption Blocked . | . . . Overload Shots . | . . . Overflow Damage . | . . . Projectiles . | . . . Explosions . | . . . Melee . | . . . Knockbacks . | . . . Impact . | . . . Kinetic . | . . . Secondary . | . . . Self-Inflicted Damage . | . . . Shots . | . . . Rammed . | . . . Targets Rammed . | . . . Kicked . | . . . Crushed . | . . . Highest Temperature 36 | . 36 2 Average Temperature 14 | . 14 2 Received Heat Transfer 219 | . 126 93 Siege Activations . | . . . Martial Activations . | . . . Shielding Activations . | . . . Robots Disrupted . | . . . Combat Hostiles . | . . . Robots Corrupted . | . . . Combat Hostiles . | . . . Parts Fried . | . . . Impact Corruptions . | . . . Robots Melted . | . . . Combat Hostiles . | . . . Parts Melted . | . . . Heat Transferred 740 | . . 740 Parts Sabotaged . | . . . Parts Stolen . | . . . Parts Stripped . | . . . Power Chain Reactions . | . . . Alert | -11 -10 -10 ------- Run | Yrd Mat Sub Maximum Alert Level . | . . . Low Security (%) 100 | 100 100 . Level 1 . | . . . Level 2 . | . . . Level 3 . | . . . Level 4 . | . . . Level 5 . | . . . High Security . | . . . Max Security . | . . . Peak Influence 80 | 15 80 . Initial . | . . . Average 13 | 2 14 . Influence Increases 591 | 30 351 210 Destroy 0b10 Robot/C 340 | . 220 120 Destroy 0b10 Robot/NC 50 | 30 20 . Destroy Leader 44 | . 44 . Successful Hack 37 | . 37 . Lose Combat Pursuer 120 | . 30 90 Influence Decreases 591 | 30 351 210 Time Decay 551 | 30 321 200 Lost Part 40 | . 30 10 Squads Dispatched 2 | . 2 . Investigation 2 | . 2 . Extermination . | . . . Reinforcement . | . . . Assault . | . . . Garrison . | . . . Intercept . | . . . Searches Triggered . | . . . Construction Impeded . | . . . Haulers Reinforced . | . . . Active Scanning Responses . | . . . Cargo Convoy Interrupts . | . . . Stealth | -11 -10 -10 --------- Run | Yrd Mat Sub Distress Signals 2 | . 2 . Communications Jammed . | . . . Distress Signals . | . . . Times Spotted 34 | . 19 15 Peak Tracking Total 4 | . 4 4 Tactical Retreats 4 | . 1 3 Traps | -11 -10 -10 ------- Run | Yrd Mat Sub Traps Triggered 10 | . 7 3 Indirectly . | . . . Trap Hack Attempts . | . . . Triggered . | . . . Disarmed . | . . . Reprogrammed . | . . . Reused . | . . . Traps Extracted . | . . . Installed . | . . . Triggered . | . . . Machines | -11 -10 -10 ---------- Run | Yrd Mat Sub Machines Disabled . | . . . Max in Single Turn . | . . . Machines Repaired . | . . . Machines Dismantled . | . . . Machines Sabotaged . | . . . Overloaded Fab Kills . | . . . Hacking | -11 -10 -10 --------- Run | Yrd Mat Sub Machines Accessed 7 | . 7 . Terminals 7 | . 7 . Fabricators . | . . . Repair Stations . | . . . Recycling Units . | . . . Scanalyzers . | . . . Garrison Access . | . . . Total Hacks 19 | . 19 . Successful 11 | . 11 . Failed 8 | . 8 . Catastrophic 2 | . 2 . Database Lockouts . | . . . Manual 4 | . 4 . Terminals 19 | . 19 . Fabricators . | . . . Repair Stations . | . . . Recycling Units . | . . . Scanalyzers . | . . . Garrison Access . | . . . Terminal Hacks 9 | . 9 . Robot Analysis 1 | . 1 . Emergency Access Points 1 | . 1 . Repair Station Index 1 | . 1 . Locate Traps 2 | . 2 . Hauler Manifests 1 | . 1 . Registered Components 1 | . 1 . Registered Prototypes 1 | . 1 . Zone Layout 1 | . 1 . Fabricator Hacks . | . . . Repair Station Hacks . | . . . Recycling Unit Hacks . | . . . Scanalyzer . | . . . Garrison Access Hacks . | . . . Unauthorized Hacks 2 | . 2 . Terminals 2 | . 2 . Botnet 2 | . 2 . Fabricators . | . . . Repair Stations . | . . . Recycling Units . | . . . Scanalyzers . | . . . Garrison Access . | . . . Data Cores Recovered . | . . . Used . | . . . Hacking Detections 6 | . 6 . Full Trace Events 1 | . 1 . Feedback Events . | . . . Feedback Blocked . | . . . Robot Schematics Acquired . | . . . Robots Built . | . . . Authchips . | . . . Time . | . . . Total Robot Build Rating . | . . . Part Schematics Acquired . | . . . Parts Built . | . . . Authchips . | . . . Time . | . . . Total Part Build Rating . | . . . Part Studies Acquired . | . . . Parts Repaired . | . . . Time . | . . . Parts Recycled . | . . . Recycled Matter . | . . . Retrieved Matter . | . . . Retrieved Components . | . . . Parts Scanalyzed . | . . . Part Schematics Acquired . | . . . Parts Damaged . | . . . Bothacking | -11 -10 -10 ------------ Run | Yrd Mat Sub Used RIF Installer . | . . . Robots Hacked . | . . . Non-combat . | . . . Combat . | . . . Robot Hacks Applied . | . . . Relay Couplers Released . | . . . Fabnet Peak Effective % . | . . . Robots Rewired . | . . . Allies Hacked . | . . . Hacks Repelled . | . . . Allies | -11 -10 -10 -------- Run | Yrd Mat Sub Total Allies . | . . . Largest Group . | . . . Highest-Rated Group . | . . . Highest-Rated Ally . | . . . Total Orders . | . . . Ally Attacks . | . . . Total Damage . | . . . Kills . | . . . Allies Corrupted . | . . . Allies Melted . | . . . Intel | -11 -10 -10 ------- Run | Yrd Mat Sub Active Infowar (turns) 2324 | 9 1358 957 Terrain 1001 | . 44 957 Seismic 1323 | 9 1314 . Robot Analysis Total 1 | . 1 . Derelict Logs Recovered . | . . . Drone Launches . | . . . Drone Recoveries . | . . . Exploration | -11 -10 -10 ------------- Run | Yrd Mat Sub Turns Passed 2754 | 130 1592 1032 Spaces Moved 1761 | 72 757 932 Core 1 | 1 . . Treads 197 | . 197 . Legs . | . . . Wheels 1563 | 71 560 932 Hover . | . . . Flight . | . . . Fastest Speed 50 | 50 90 90 Average Speed 114 | 99 136 97 Slowest Speed 240 | 100 240 125 Overloaded Moves . | . . . Propulsion Burnouts . | . . . Robots Hopped . | . . . Potential Cave-ins . | . . . Cave-ins Triggered . | . . . Exploration Rate (%) 51 | 5 98 52 Regions Visited 2 Branch Regions 1 Pre-discovered Areas 1 | . . 1 Known Exits Taken . | . . . Unknown Exits Taken 2 | 1 1 . Scrap Searched . | . . . Spaces Dug . | . . . Terrain Destroyed 48 | . . 48 Melee . | . . . Projectile . | . . . AOE 48 | . . 48 Terrain Rammed . | . . . Walls Destroyed . | . . . Machines Disabled . | . . . Actions | -11 -10 -10 --------- Run | Yrd Mat Sub Total 2345 | 105 1238 1002 Wait 425 | . 402 23 Move 1759 | 71 756 932 Hop . | . . . Pick Up 20 | 6 11 3 Fast Attach 18 | 6 11 1 Attach 3 | . 1 2 Detach . | . . . Swap 9 | . 5 4 Drop 10 | . 6 4 Fire 101 | 22 46 33 Melee . | . . . Ram . | . . . Kick . | . . . Crush . | . . . Escape Stasis . | . . . Rewire . | . . . Trap . | . . . Miscellaneous . | . . . Route ------- -11/Scrapyard -10/Materials (discovered 5 exits: [*Mat x3] / [*Min] / [*Sub]) -10/Subcaves (discovered 2 exits: [*Mat] / [*Rec]) History --------- Turn | Location | Event 23 | -11/Scrapyard | Discovered new exit (range 16) 131 | -11/Scrapyard | Entered Materials 314 | -10/Materials | Build established: Mutant 654 | -10/Materials | Discovered new exit (range 16) 1074 | -10/Materials | Discovered new exit (range 16) 1342 | -10/Materials | Discovered new exit (range 4) 1483 | -10/Materials | Lost 3 parts (1n1u1w) 1523 | -10/Materials | Discovered new exit (range 13) 1715 | -10/Materials | Discovered new exit (range 10) 1723 | -10/Materials | Entered Subcaves 2071 | -10/Subcaves | Discovered new exit (range 12) 2236 | -10/Subcaves | Core integrity fell below 50% 2267 | -10/Subcaves | Discovered new exit (range 12) 2279 | -10/Subcaves | Learned location of Zion (-6) 2279 | -10/Subcaves | Met a Zionite searching for "candidates" 2597 | -10/Subcaves | Shifting Twisted Machinery released Battle Cannon 2685 | -10/Subcaves | Core integrity fell below 20% 2697 | -10/Subcaves | Shifting Twisted Machinery released Sub. Monowheel 2704 | -10/Subcaves | Shifting Twisted Machinery released Mak. Laser 2755 | -10/Subcaves | Destroyed by 8E-C2A(R) with Subdweller Machine Gun Last Messages --------------- 02688_ The unstable cave ceiling collapses. 02688_ Wheel destroyed. 02688_ Destroyed Scrap Shield. 02688_ 5V-EX7(R) destroyed. 02692_ The unstable cave ceiling collapses. 02696_ Acquired 15 matter. Sub. Monowheel falls loose from the Twisted Machinery. 02697_ The unstable cave ceiling collapses. 02699_ Acquired Wheel. 02701_ The unstable cave ceiling collapses. Mak. Laser falls loose from the Twisted Machinery. 02706_ Dropped Beam Rifle. 02706_ Acquired Mak. Laser. 02708_ Dropped Med. Laser. 02718_ Subatomizers dissect the Med. Laser. 02739_ The unstable cave ceiling collapses. 02746_ 8E-C2A(R) suffers critical hit (Burn). 02751_ Subatomizers dissect the Med. Laser. 02753_ B5-BR4(R) affixes Scrap Shield Fragment to Scrap Shield. 02753_ Imp. Ion Engine destroyed. Map ----- +----------------------------------------------------+ | ?????????????????????????????????????????????????? | | ?????????????????????????????????????????????????? | | ?????????????????????????????????????????????????? | | ?????????????????????????????????????????????????? | | ?????????????????????????????????????????????????? | | ?????????????????????????????????????????????????? | | ?????????????????????????????????????????????????? | | ?????????????????????????????????????????????????? | | ?????????????????????????????????????????????????? | | ?????????????????????????????????????????????????? | | ?????????????????????????????????????????????????? | | ??????????????##?????????????????????????????????? | | ?????????????## ###??????????????????????????????? | | ????????????## ""??###?#???#???????????????????? | | ????????????# """##""# ?## ##??????????????????? | | ????????????? ""=""""" ?" ##?????????????????? | | ????????????????#"" #"# #" #?????????????????? | | ????????????????##"[ #?#""" ??????????????????? | | ?????????????????# ### "" ???????????????????? | | ???????????? ?## ##""""#??????#????????????? | | ???????????##"""??## ""# #???????????????????? | | ??????????##""""#??# " " ###???????#???????#??? | | ????????? """! ""#### ##???#?#???????????# | | ?????????""""" "" # # " #????????#? ???????? | | ???????"""""" ## #???#??????????????? | | ???????"" " # @ ##?????####?????????? | | ???????"""""" # R #####???# ####??????? | | ???????# # # R ###" #?#?# ###????? | | ???????## # # # #?# #???### ##????? | | ????????## # ## ### #?????## #????# | | ?????????# # "## # ## ######## #????? | | ????????# ?####"""?##### " #????? | | ???????""?????##" ?#??### """" """ ###??# | | ???????????????? ???????## ##"""" """"" #?#?? | | ???????????????? ?????????#"####""" """ #???? | | ????????????????#?????????###??###" " #???? | | ??????????????#?????????????#????### ###???? | | ??????????????????????????????????## ### ##?????? | | ????????????????????? ????#???????# # ##??????? | | ??????????????????????????#???????# ## ???????? | | ??????????????????????????????###### ## ##??????? | | ??????????????????????????????## ## # #?#????? | | ?????????????????????????#????# #???????? | | ??????????????????????? ###??# # # # ##???????? | | ??????????????????????? ?# ######????????? | | ?????????????????????? ## ##?????????????? | | ??????????????????? # #####?????????? | | ??????????????????? #?????????? | | ??????????????????? ### ##?????????? | | ????????????????????????????## #??????????? | +----------------------------------------------------+ Best States ------------- Heat Dissipation 25 Energy Generation 12 Energy Capacity 265 Matter Stores 300 Matter Capacity 300 Sight Range 16 Terrain Scan Range 14 Terrain Scan Density 10 Resistance: KI 20 Resistance: TH 20 Resistance: EX 20 Resistance: EM 20 Resistance: I 20 Resistance: S 20 Resistance: P 20 Evasion (%) 42 Recoil Reduction 1 Offensive Hacking 10 Item Schematics ----------------- None Robot Schematics ------------------ None Fabricated ------------ Nothing Repaired ---------- Nothing Studied --------- None Alien Tech Used ----------------- None Achievements -------------- None Challenges ------------ None Game ------ Seed ImpulseFireKatana Manual? 0 Play Time 00:21:57 Cumulative 161.1 hours Start 2026.03.03 @ 19:24:00 End 2026.03.05 @ 23:28:52 Sessions 3 Manual Loads 0 Difficulty Adventurer Special Mode None Game No. 66 Rogue 0 Adventurer 62 Explorer 4 Win Type - Total 4 Types 4/0/0/0/0/0/0/0/0/0 Lore% 44 Gallery% 48 Achievement% 39 Wizard Run 0 Options --------- Layout 0 ASCII 0 Keyboard 1 Movement Numpad Keybinds 0 Fullscreen 2 Font 36/Smallcaps Map View 76x50 Zoom Use 0% Tactical HUD 1 Map Filters NONE Filters NONE Steam 1 RUN: 51730c6f-3be7-4614-9536-ba257ecb476c